 Dungeon Crawl Stone Soup version 0.30.1 (webtiles) character file.

Game seed: 4739430989596622466

12432 AgateBread the Skirmisher (level 11, -8/133 HPs)
             Began as a Minotaur Hunter on July 3, 2023.
             Was an Elder of Okawaru.
             Mangled by a cane toad (14 damage)
             ... on level 2 of the Lair of Beasts.
             The game lasted 00:55:17 (12262 turns).

AgateBread the Skirmisher (Minotaur Hunter)        Turns: 12262, Time: 00:55:20

Health: -8/133     AC: 13    Str: 15    XL:     11   Next: 62%
Magic:  16/16      EV: 12    Int:  6    God:    Okawaru [****..]
Gold:   1343       SH:  5    Dex: 22    Spells: 10/10 levels left

rFire   + . .        O - +0 great sword
rCold   . . .        (shield currently unavailable)
rNeg    . . .        l - +0 acid dragon scales
rPois   .            (helmet restricted)
rElec   .            R - +0 cloak
rCorr   +            V - +0 pair of gloves {Dex+3}
SInv    .            (no boots)
Will    .....        m - amulet of reflection Stlth
                     I - ring of protection from fire
HPRegen 0.42/turn    o - +4 ring of protection
MPRegen 0.15/turn

%: reflection
@: berserking (expiring), lethally poisoned (-8 -> -11), very quick
A: horns 2, retaliatory headbutt
a: Renounce Religion, Heroism, Finesse


You were on level 2 of the Lair of Beasts.
You worshipped Okawaru.
Okawaru was greatly pleased with you.
You visited 3 branches of the dungeon, and saw 13 of its levels.

You collected 1732 gold pieces.
You spent 389 gold pieces at shops.

Inventory:

Hand Weapons
 a - a +0 shortbow
 u - a +0 dagger of venom
 y - a +1 scimitar of flaming
 A - a +2 sling of flaming
 O - a +0 great sword (weapon)
 W - a +2 heavy long sword
Missiles
 G - 3 boomerangs of dispersal
Armour
 l - +0 acid dragon scales (worn)
 K - a +0 scale mail
 L - a +2 leather armour of willpower
 R - a +0 cloak (worn)
 V - a +0 pair of gloves of dexterity (worn)
 Y - a +0 plate armour
Jewellery
 c - a +4 ring of protection
 g - a ring of resist corrosion
 h - an amulet of the acrobat
 j - a ring of willpower
 m - an amulet of reflection (around neck)
 o - a +4 ring of protection (right hand)
 x - a +6 ring of strength
 I - a ring of protection from fire (left hand)
 N - a +6 ring of dexterity
 Q - a ring of protection from cold
Wands
 q - a wand of digging (6)
 H - a wand of flame (46)
 T - a wand of quicksilver (10)
 U - a wand of paralysis (4) (quivered)
Scrolls
 b - 4 scrolls of immolation
 f - a scroll of fear
 k - 4 scrolls of enchant weapon
 n - 3 scrolls of blinking
 p - 2 scrolls of magic mapping
 t - 3 scrolls of teleportation
 v - 5 scrolls of enchant armour
 w - a scroll of fog
 B - 3 scrolls of poison
 C - a scroll of brand weapon
Potions
 d - a potion of cancellation
 e - 2 potions of haste
 i - 2 potions of magic
 r - 7 potions of curing
 z - 2 potions of might
 D - a potion of resistance
 E - a potion of berserk rage
 J - 2 potions of flight
 P - 2 potions of mutation
 S - a potion of heal wounds
 X - 3 potions of lignification


   Skills:
 - Level 6.0 Fighting
 + Level 11.0 Long Blades
 + Level 14.7 Ranged Weapons
 - Level 4.0 Armour
 - Level 2.1 Dodging
 - Level 0.7 Stealth
 - Level 8.0 Invocations


You had 10 spell levels left.
You didn't know any spells.
Your spell library contained the following spells:

 Spells                   Type           Power      Damage    Failure   Level
 Slow                     Hex            0%         N/A       56%         1
 Blink                    Tloc           0%         N/A       71%         2
 Lesser Beckoning         Tloc           0%         N/A       71%         2
 Momentum Strike          Conj/Tloc      0%         3d8       71%         2
 Sublimation of Blood     Necr           0%         N/A       71%         2
 Confusing Touch          Hex            0%         N/A       90%         3
 Frozen Ramparts          Ice            0%         1d1       90%         3
 Vampiric Draining        Necr           0%         2d6       90%         3
 Vhi's Electric Charge    Tloc/Air       0%         N/A       90%         3
 Ice Form                 Ice/Tmut       0%         N/A       100%        4
 Petrify                  Tmut/Erth      0%         N/A       100%        4
 Arcjolt                  Conj/Air       0%         1d10      100%        5
 Blade Hands              Tmut           0%         N/A       100%        5
 Irradiate                Conj/Tmut      0%         3d11      100%        5
 Iron Shot                Conj/Erth      0%         9d1       100%        6
 Plasma Beam              Fire/Air       0%         2x1d11    100%        6
 Starburst                Conj/Fire      0%         6d3       100%        6
 Animate Armour           Summ/Erth      Unusable   N/A       N/A         4
 Summon Ice Beast         Ice/Summ       Unusable   N/A       N/A         4

Dungeon Overview and Level Annotations

Branches:
Dungeon (10/15)            Temple (1/1) D:4            Lair (2/5) D:8
    Orc (0/2) D:9
  Swamp: Lair:2-3    Shoals: Lair:2-3     Snake: Lair:2-3    Spider: Lair:2-3

Altars:
Ashenzari
Cheibriados
Dithmenos
Elyvilon
Fedhas
Gozag
Hepliaklqana
Kikubaaqudgha
Makhleb
Nemelex Xobeh
Okawaru
Qazlal
Ru
Sif Muna
Trog
Uskayaw
Vehumet
Wu Jian
Xom
Yredelemnul
Zin
The Shining One

Shops:
D:1 *   D:5 *

Annotations:
D:6 1 transporter, 0gre's ghost, novice GnIE
D:10 2 runed translucent doors, GloriousHammer's ghost, journeyman HOMo


Innate Abilities, Weirdness & Mutations

You have a pair of horns on your head.
You reflexively headbutt those who attack you in melee.


Message History

A cane toad comes into view.
The water moccasin bites you.
You are poisoned.
The water moccasin poisons you! The wolf completely misses you.
You slash the water moccasin!
The water moccasin is heavily wounded.
You feel sick.
The blink frog hits you but does no damage.
The wolf bites you but does no damage. The water moccasin bites you.
* * * LOW HITPOINT WARNING * * *
The wolf bites you but does no damage. The blink frog barely misses you.
The wolf bites you.
* * * LOW HITPOINT WARNING * * *
You closely miss the water moccasin.
Your headbutt misses the water moccasin.
The water moccasin is heavily wounded.
You feel sick. The blink frog hits you!
* * * LOW HITPOINT WARNING * * *
The blink frog blinks!
The wolf bites you but does no damage. x2
You block the wolf's attack. The blink frog closely misses you.
You furiously retaliate!
You headbutt the blink frog!
You kill the blink frog!
Okawaru accepts your kill. The water moccasin misses you.
You furiously retaliate!
You headbutt the water moccasin!
Your Long Blades skill increases to level 11!
You hit the water moccasin.
The water moccasin is almost dead.
You feel sick. You block the wolf's attack. The wolf bites you.
* * * LOW HITPOINT WARNING * * *
The wolf bites you but does no damage. The water moccasin misses you.
The wolf bites you but does no damage. The water moccasin barely misses you.
You block the wolf's attack.
You slash the water moccasin!
You kill the water moccasin!
Okawaru accepts your kill.
You feel sick.
The wolf bites you but does no damage. x2; The wolf bites you!
* * * LOW HITPOINT WARNING * * *
The cane toad stings you!
You die...

.^.....#.###.##
......#.#.#...
.#..........#
#..P....F..#####..
..........##....
..........#..#
#........#
#>"#.ShFP#
#.?.##h@..# .....
#h†.##
.S..........#
...........##
.......#..##
......###.. ...
#.. .. ..


You could see a cane toad, a blink frog, a water moccasin and 3 wolves.

Vanquished Creatures
  4 elephants (Lair:1)
  2 cane toads (Lair:1)
  3 komodo dragons
  An efreet (D:10)
  4 polar bears (D:9)
  A hornet (D:10)
  3 blink frogs (Lair:2)
  A wraith (D:9)
  2 shadows (D:10)
  5 wyverns
  A basilisk (D:8)
  3 yaks (D:8)
  Eustachio (D:5)
  2 steam dragons
  2 unseen horror simulacra (D:9)
  Edmund (D:6)
  2 acid dragons (D:9)
  7 water moccasins
  3 ice beasts
  An orc warrior (D:7)
  2 black bears (D:8)
  A swamp drake (D:9)
  4 sky beasts
  8 ogres
  6 wolves
  A phantom (D:5)
  5 bullfrogs
  A gnoll sergeant (D:7)
  3 scorpions
  A hornet simulacrum (D:9)
  11 killer bees
  2 electric eels (D:9)
  A howler monkey (D:4)
  2 jellies
  5 hounds
  6 orc priests
  A gnoll bouda (D:9)
  Jessica (D:2)
  3 iguanas
  2 sleepcaps (D:5)
  9 orc wizards
  4 adders
  20 gnolls
  4 white imps
  3 ufetubi
  A worm (D:5)
  2 dart slugs
  42 orcs
  2 bats (D:1)
  3 endoplasms
  3 giant cockroaches
  5 goblins
  6 hobgoblins
  10 jackals
  5 kobolds
  4 quokkas
  6 ball pythons
  A frilled lizard (D:2)
  8 rats
253 creatures vanquished.

Notes
Turn   | Place    | Note
-------+----------+-------------------------------------------
     0 | D:1      | AgateBread the Minotaur Hunter began the quest for the Orb.
     0 | D:1      | Reached XP level 1. HP: 18/18 MP: 0/0
   140 | D:1      | Reached skill level 1 in Armour
   172 | D:1      | Reached XP level 2. HP: 25/25 MP: 1/1
   730 | D:1      | Found Vaneklum's Assorted Antiques.
   867 | D:1      | Reached XP level 3. HP: 31/31 MP: 2/2
  1000 | D:2      | Noticed Jessica
  1003 | D:2      | Reached skill level 5 in Ranged Weapons
  1011 | D:2      | Killed Jessica
  1012 | D:2      | Reached XP level 4. HP: 30/40 MP: 3/3
  1916 | D:3      | Reached XP level 5. HP: 37/46 MP: 4/4
  2548 | D:4      | Reached XP level 6. HP: 52/55 MP: 5/5
  2630 | D:4      | Reached skill level 5 in Fighting
  2630 | D:4      | Reached skill level 6 in Ranged Weapons
  2729 | D:4      | Found a staircase to the Ecumenical Temple.
  2782 | Temple   | Entered the Ecumenical Temple
  2965 | Temple   | Became a worshipper of Warmaster Okawaru
  3458 | D:5      | Entered Level 5 of the Dungeon
  3463 | D:5      | Reached skill level 1 in Invocations
  3482 | D:5      | Found Iggon's Assorted Antiques.
  3486 | D:5      | Noticed Eustachio
  3504 | D:5      | Killed Eustachio
  3505 | D:5      | Reached XP level 7. HP: 60/62 MP: 5/7
  3518 | D:5      | Bought a great sword for 149 gold pieces
  3621 | D:5      | Reached * piety under Okawaru
  3654 | D:5      | Reached skill level 7 in Ranged Weapons
  3906 | D:5      | Reached XP level 8. HP: 64/70 MP: 6/10
  4088 | D:5      | Reached skill level 8 in Ranged Weapons
  4138 | D:5      | Found a basalt altar of Yredelemnul.
  4393 | D:6      | Reached ** piety under Okawaru
  4394 | D:6      | Reached skill level 5 in Invocations
  4561 | D:6      | Reached skill level 9 in Ranged Weapons
  4771 | D:6      | Noticed Edmund
  4789 | D:6      | Killed Edmund
  5152 | D:6      | Found a transporter.
  5157 | D:6      | Found a transporter.
  5170 | D:6      | Noticed 0gre's ghost (novice GnIE)
  5250 | D:6      | You fall into a shaft and drop 2 floors!
  5310 | D:8      | Reached XP level 9. HP: 73/75 MP: 12/12
  5325 | D:8      | Reached *** piety under Okawaru
  5326 | D:8      | Reached skill level 10 in Ranged Weapons
  5724 | D:8      | Reached skill level 11 in Ranged Weapons
  5784 | D:8      | Reached skill level 1 in Long Blades
  5793 | D:8      | Found a staircase to the Lair.
  6104 | D:8      | Reached XP level 10. HP: 83/83 MP: 15/15
  6599 | D:7      | Reached **** piety under Okawaru
  7274 | D:7      | Reached skill level 12 in Ranged Weapons
  7318 | D:7      | Reached skill level 5 in Long Blades
  7656 | D:7      | Found a hide-covered altar of Uskayaw.
  7792 | D:6      | Found a broken altar of Ashenzari.
  8806 | D:9      | Reached skill level 13 in Ranged Weapons
  8959 | D:9      | Found a staircase to the Orcish Mines.
  9325 | D:10     | Entered Level 10 of the Dungeon
  9369 | D:10     | Reached XP level 11. HP: 71/89 MP: 16/16
  9696 | D:10     | Found a blossoming altar of Fedhas.
  9748 | D:10     | Identified a scroll of acquirement
  9749 | D:10     | Acquired 1043 gold pieces
  9852 | D:10     | Noticed GloriousHammer's ghost (journeyman HOMo)
  9853 | D:10     | Found a large runed translucent door.
  9853 | D:10     | Found a large runed translucent door.
 10202 | D:10     | Found the +5 robe of Misfortune {Harm *Corrode *Slow EV+5}
 10308 | D:10     | Found an opulent altar of Gozag.
 10618 | D:1      | Bought a scroll labelled JALAAC CES FYN for 31 gold pieces
 10618 | D:1      | Bought a peridot ring for 155 gold pieces
 10618 | D:1      | Bought a red potion for 27 gold pieces
 10618 | D:1      | Bought a red potion for 27 gold pieces
 10967 | Lair:1   | Entered Level 1 of the Lair of Beasts
 11113 | Lair:1   | Reached skill level 14 in Ranged Weapons
 11400 | Lair:1   | Reached skill level 10 in Long Blades
 11793 | Lair:1   | Got the Papyrus of Blasted Mud
 12262 | Lair:2   | HP: 6/133 [wolf (9)]
 12262 | Lair:2   | Mangled by a cane toad

Illustrated notes

Levels and vault maps discovered:
D:1:      erik_arrival_cave_to_civilisation [erik_arrival_cave_to_hall],
          layout_basic, serial_shops, nicolae_shop_window_shopping,
          kennysheep_nondescript
D:2:      layout_rooms, minivault_19, uniq_jessica
D:3:      layout_basic
D:4:      layout_basic, minmay_temple_entry_trees, minmay_misc_feat_columns
D:5:      layout_loops_ring, marbit_many_paths, serial_shops, shop,
          uniq_eustachio
D:6:      layout_layer_cave, mainiacjoe_overflow_alcove_2, gammafunk_ghost_hive,
          uniq_edmund
D:7:      layout_basic, nicolae_uskayaw_suspiria
D:8:      layout_loops_corners, minmay_lair_entry_grove
D:9:      layout_loops_ring, erik_orc_1, serial_ice, serial_ice_f, serial_ice_l,
          serial_ice_g, serial_ice_a, serial_ice_h, serial_ice_c
D:10:     layout_basic, fedhas_altar_2, lemuel_doored_altar,
          ebering_ghost_disaster_area
Temple:   bh_familiar_temple
Lair:1:   layout_small_grid
Lair:2:   layout_misc_corridors, elwin_shoals_entry_rooms, grunt_megastairs_3

Skill      XL: |  1  2  3  4  5  6  7  8  9 10 11 |
---------------+----------------------------------+-----
Armour         | 1 2 3 4 |  4.0
Fighting       | 3 4 5 6 |  6.0
Ranged Weapons | 5 6 7 9 11 13 14 | 14.7
Invocations    | 1 4 6 8 |  8.0
Long Blades    | 3 8 11 | 11.0
Dodging        | |  2.1
Stealth        | |  0.7

Action                     |  1- 3 |  4- 6 |  7- 9 | 10-12 || total
---------------------------+-------+-------+-------+-------++-------
  Melee: Dagger            |     3 |    20 |    54 |     8 ||    85
         Headbutt          |     2 |     8 |    26 |    28 ||    64
         Hand axe          |       |    27 |       |       ||    27
         Great sword       |       |       |    20 |   126 ||   146
         Punch             |       |       |     1 |     1 ||     2
   Fire: Shortbow          |   104 |    21 |       |       ||   125
         Sling             |       |    77 |   220 |   224 ||   521
  Throw: Dart              |       |       |     6 |       ||     6
 Invoke: Heroism           |       |       |     7 |    13 ||    20
         Finesse           |       |       |       |     1 ||     1
  Evoke: Wand              |       |     4 |       |     3 ||     7
    Use: Scroll            |       |     7 |    10 |     8 ||    25
         Potion            |       |     1 |       |     4 ||     5
   Stab: Distracted        |       |       |     1 |       ||     1
         Sleeping          |       |       |       |     3 ||     3
 Armour: Leather armour    |    23 |    39 |    48 |    31 ||   141
         Acid dragon scale |       |       |       |    46 ||    46
  Dodge: Dodged            |    35 |    59 |    82 |   158 ||   334
  Block: Other             |    16 |    17 |    20 |    44 ||    97
         Reflection        |       |       |     2 |       ||     2
